 Dungeon Crawl Stone Soup version 0.22-a0-482-g76e0a5f (webtiles) character file.

70267 Mamutox the Unseen (level 14, -8/63 HPs)
             Began as a Spriggan Enchanter on June 16, 2018.
             Was the Champion of Dithmenos.
             Blown up by an orb spider (49 damage)
             ... with an orb of destruction
             ... on level 3 of the Spider Nest on June 17, 2018.
             The game lasted 02:30:31 (26360 turns).

Mamutox the Unseen (Spriggan Enchanter)            Turns: 26360, Time: 02:30:32

Health: -8/63      AC:  4    Str: 10    XL:     14   Next: 93%
Magic:  17/30      EV: 32    Int: 18    God:    Dithmenos [******]
Gold:   1356       SH:  0    Dex: 20    Spells: 18/35 levels left

rFire    . . .     SeeInvis +   A - +2 dagger (venom)
rCold    + . .     Gourm    .   (shield restricted)
rNeg     . . .     Faith    .   x - +2 robe {rC+}
rPois    +         Spirit   .   (helmet restricted)
rElec    .         Reflect  .   p - scarf {repulsion}
rCorr    .         Harm     .   (gloves unavailable)
MR       ++...                  (boots unavailable)
Stlth    ++++++++++             K - amulet of magic regeneration
HPRegen  0.20/turn              i - ring of poison resistance
MPRegen  0.47/turn              X - +6 ring of strength

@: wreathed by umbra, repel missiles, very quick
A: very small, unfitting armour, see invisible, herbivore, speed 3, slow
metabolism 2
a: Shadow Step, Shadow Form, Renounce Religion


You were on level 3 of the Spider Nest.
You worshipped Dithmenos.
Dithmenos was exalted by your worship.
You were not hungry.

You visited 4 branches of the dungeon, and saw 20 of its levels.

You collected 1356 gold pieces.

Inventory:

Hand Weapons
 j - a +0 hunting sling
 t - a +2 dagger of flaming
 A - a +2 dagger of venom (weapon)
 N - a +0 blowgun
Missiles
 n - 79 poisoned needles
 u - 4 curare-tipped needles
 J - 2 tomahawks (quivered)
 O - 118 sling bullets
 V - 3 throwing nets
Armour
 p - a scarf of repulsion (worn)
 x - a +2 robe of cold resistance (worn)
Jewellery
 i - a ring of poison resistance (left hand)
 K - an amulet of magic regeneration (around neck)
 T - an uncursed ring of magical power
 W - an uncursed amulet of guardian spirit
 X - a +6 ring of strength (right hand)
Wands
 a - a wand of digging (7)
 b - a wand of iceblast (14)
 B - a wand of flame (92)
 D - a wand of acid (10)
 F - a wand of polymorph (33)
 I - a wand of clouds (5)
 Z - a wand of paralysis (10)
Scrolls
 c - 5 scrolls of identify
 g - 4 scrolls of blinking
 k - 8 scrolls of teleportation
 m - a scroll of vulnerability
 o - 7 scrolls of amnesia
 q - 14 scrolls of remove curse
 v - a scroll of enchant armour
 w - 3 scrolls of magic mapping
 G - 4 scrolls of enchant weapon
 P - 4 scrolls of fear
 R - a scroll of summoning
 S - a scroll of brand weapon
 Y - a scroll of acquirement
Potions
 e - 3 potions of curing
 f - 4 potions of ambrosia
 h - 2 potions of might
 l - 3 potions of cancellation
 r - 4 potions of heal wounds
 s - 3 potions of brilliance
 z - a potion of agility
 C - 2 potions of berserk rage
 E - 3 potions of flight
 H - a potion of mutation
 L - 2 potions of resistance
 M - a potion of lignification
Comestibles
 d - 35 rations


   Skills:
 - Level 2.0 Fighting
 - Level 12.1 Short Blades
 - Level 5.8 Throwing
 + Level 15.4 Dodging
 * Level 17.9 Stealth
 - Level 11.1 Spellcasting
 - Level 2.0 Conjurations
 - Level 12.4 Hexes
 - Level 2.1 Summonings
 - Level 6.1 Translocations
 - Level 1.4 Ice Magic
 + Level 5.4 Invocations
 - Level 7.4 Evocations


You had 18 spell levels left.
You knew the following spells:

 Your Spells              Type           Power        Failure   Level  Hunger
a - Magic Dart            Conj           ###.         3%          1    None
b - Tukima's Dance        Hex            ######..     1%          3    None
c - Confuse               Hex            ######..     1%          3    None
d - Blink                 Tloc           N/A          1%          2    None
e - Corona                Hex            ######.      1%          1    None
s - Call Imp              Summ           ###.....     4%          2    None
v - Dazzling Spray        Conj/Hex       #####.       1%          3    None
x - Ensorcelled Hibernat  Hex/Ice        ####..       1%          2    None

Your spell library contained the following spells:

 Spells                   Type           Power        Failure   Level  Hunger
 Conjure Flame            Conj/Fire      ##......     14%         3    None
 Bolt of Cold             Conj/Ice       ###.......   99%         6    ######.
 Slow                     Hex            ######..     1%          2    None
 Throw Frost              Conj/Ice       ###...       5%          2    None
 Freezing Cloud           Conj/Ice/Air   ##........   100%        6    ######.
 Mephitic Cloud           Conj/Pois/Air  ##......     16%         3    None
 Freeze                   Ice            ###.         4%          1    None
 Ozocubu's Refrigeration  Ice            ###.......   99%         6    ######.
 Summon Ice Beast         Ice/Summ       ###.....     32%         4    ##.....
 Ozocubu's Armour         Chrm/Ice       ##......     16%         3    None
 Stone Arrow              Conj/Erth      ##....       14%         3    None
 Ice Form                 Ice/Tmut       ##......     47%         4    ##.....
 Throw Icicle             Conj/Ice       ###.....     34%         4    ##.....
 Passwall                 Tmut/Erth      ##......     11%         2    None
 Metabolic Englaciation   Hex/Ice        ####......   12%         5    ####...
 Lee's Rapid Deconstruct  Erth           ##........   89%         5    ####...
 Sandblast                Erth           ##....       7%          1    None
 Simulacrum               Ice/Necr       ##........   100%        6    ######.
 Petrify                  Tmut/Erth      ##......     56%         4    ##.....


Dungeon Overview and Level Annotations

Branches:
Dungeon (10/15)            Temple (1/1) D:6            Lair (6/6) D:10
  Swamp (0/4) Lair:4       Spider (3/4) Lair:4        Slime (0/5) Lair:5
    Orc (0/2) D:9

Altars:
Ashenzari
Cheibriados
Dithmenos
Elyvilon
Fedhas
Gozag
Hepliaklqana
Kikubaaqudgha
Makhleb
Nemelex Xobeh
Okawaru
Qazlal
Ru
Sif Muna
Trog
Uskayaw
Vehumet
Wu Jian
Xom
Yredelemnul
Zin
The Shining One

Shops:
D:4 =

Annotations:
D:3 1 runed door


Innate Abilities, Weirdness & Mutations

You are very small and have problems with some larger weapons.
You are too small for most types of armour.
You have supernaturally acute eyesight. (SInv)
You are a herbivore.
You cover ground extremely quickly.
You need to consume almost no food.


Message History

Confirm with . or Enter, or press ? or * to list all spells.
Aiming: Dazzling Spray (safe; 1% risk of failure)
Press: ? - help, Shift-Dir - straight line, f/p - orb spider
Aim: an orb spider (fully charged, umbra)
The spray of energy misses the orb spider.
Casting: Dazzling Spray (safe; 1% risk of failure)
Confirm with . or Enter, or press ? or * to list all spells.
Aiming: Dazzling Spray (safe; 1% risk of failure)
Press: ? - help, Shift-Dir - straight line, f/p - orb spider
Aim: an orb spider (fully charged, umbra)
The spray of energy hits the orb spider.
The orb spider is lightly wounded.
Your shadow mimicks your spell!
The shadow shard hits the orb spider.
The orb spider weaves a glowing orb of energy.
An orb of destruction comes into view.
There is a stone staircase leading up, spattered with blood here.
The orb of destruction hits you!
Ouch! That really hurt!
You die...

....≈###.........................
#......#.............^...........
.......≈.........................
≈......#≈≈...............^.......
#................................
≈^...............................
.^.^.........^...........%.......
...............^.^...............
......≈≈#...s..^@.......!^.......
....###........§.^......†........
..###.........§§.................
≈≈#........§§§..........(........
≈≈........^......................
..............^..................
......<.....^.†............^.....
.^.........................!.....
##..^............................


You could see an orb spider.

Vanquished Creatures
  2 emperor scorpions
  An entropy weaver (Spider:1)
  The ghost of TheNamelessOne the Cleaver, a journeyman DsCK of Xom (Lair:3)
  Harold (Lair:2)
  A catoblepas (Lair:3)
  3 hydras
  A two-headed ogre (D:9)
  A skeletal warrior (D:8)
  The ghost of Laiders72 the Cudgeler, a novice MiBe of Trog (D:5)
  A lindwurm (Lair:6)
  9 orb spiders
  14 wolf spiders
  An oklob plant (Lair:6)
  10 elephants
  14 black mambas
  A guardian serpent (Lair:6)
  14 spiny frogs
  A gargoyle (D:10)
  A rime drake (Lair:3)
  12 demonic crawlers
  7 komodo dragons
  16 jumping spiders
  A polar bear (Lair:3)
  5 hornets
  8 blink frogs (Lair:3)
  Prince Ribbit (D:6)
  5 hippogriffs
  45 redbacks
  A spriggan (D:7)
  26 tarantellas
  14 wyverns
  36 yaks
  2 hungry ghosts
  Eustachio (D:5)
  A basilisk (Lair:3)
  Menkaure (D:5)
  Edmund (D:6)
  Duvessa (D:5)
  8 porcupines
  18 water moccasins
  4 ice beasts
  3 sky beasts
  An eye of draining (D:7)
  4 orc warriors
  2 ogres
  4 centaurs
  17 crocodiles
  3 big kobolds
  8 bullfrogs
  Blork the orc (D:4)
  3 wyvern zombies
  A water moccasin skeleton (D:4)
  6 scorpions
  Dowan (D:5)
  2 electric eels
  6 crimson imps
  A bullfrog zombie (D:5)
  4 hounds
  6 jellies
  A gnoll shaman (D:9)
  An orc priest (D:6)
  11 orc wizards
  A bullfrog skeleton (D:9)
  Jessica (D:2)
  A centaur skeleton (D:9)
  Terence (D:2)
  7 hell rats (Lair:2)
  3 iguanas
  Natasha (twice) (D:2)
  7 worker ants
  A killer bee zombie (D:7)
  2 hound skeletons
  2 howler monkey zombies (D:6)
  2 howler monkey skeletons
  4 gnolls (D:9)
  14 adders
  12 river rats
  3 shadow imps (D:5)
  An adder zombie (D:6)
  An adder skeleton (D:9)
  A worm (D:2)
  A dart slug (D:1)
  6 leopard geckos
  32 orcs
  6 bats
  10 giant cockroaches
  4 goblins
  2 hobgoblins (D:1)
  16 jackals
  16 kobolds
  7 quokkas
  3 frilled lizards
  18 rats
565 creatures vanquished.

Vanquished Creatures (others)
  A tarantella (Spider:3)
  20 fungi
  12 plants
33 creatures vanquished.

Grand Total: 598 creatures vanquished

Notes
Turn   | Place    | Note
-------+----------+-------------------------------------------
     0 | D:1      | Mamutox the Spriggan Enchanter began the quest for the Orb.
     0 | D:1      | Reached XP level 1. HP: 9/9 MP: 5/5
   274 | D:1      | Reached XP level 2. HP: 7/13 MP: 6/6
  1525 | D:2      | Learned a level 2 spell: Ensorcelled Hibernation
  1541 | D:2      | Reached skill level 5 in Stealth
  1541 | D:2      | Reached XP level 3. HP: 16/16 MP: 4/8
  1683 | D:2      | Noticed Terence
  1718 | D:2      | Killed Terence
  1718 | D:2      | Reached skill level 1 in Ice Magic
  1718 | D:2      | Reached XP level 4. HP: 21/21 MP: 3/9
  1832 | D:2      | Noticed Jessica
  1834 | D:2      | Killed Jessica
  1892 | D:2      | Noticed Natasha
  2040 | D:2      | Killed Natasha
  2197 | D:2      | Reached XP level 5. HP: 24/24 MP: 11/11
  2283 | D:2      | Noticed Natasha
  2291 | D:2      | Killed Natasha
  2658 | D:3      | Found an iron altar of Okawaru.
  2712 | D:3      | Reached skill level 6 in Stealth
  3198 | D:3      | Found a glowing silver altar of Zin.
  3200 | D:3      | Noticed an angel
  3208 | D:3      | Found a runed door.
  3365 | D:4      | Noticed Blork the orc
  3365 | D:4      | Noticed an ogre
  3403 | D:3      | Killed an ogre
  3403 | D:3      | Reached XP level 6. HP: 5/28 MP: 0/13
  3734 | D:4      | Reached skill level 1 in Throwing
  3739 | D:4      | Learned a level 3 spell: Confuse
  3853 | D:4      | Killed Blork the orc
  3896 | D:4      | Found an ancient bone altar of Kikubaaqudgha.
  3898 | D:4      | Found a glowing silver altar of Zin.
  4014 | D:4      | Found Ateatapu's Jewellery Emporium.
  4016 | D:4      | Reached skill level 5 in Hexes
  4016 | D:4      | Reached XP level 7. HP: 32/32 MP: 14/14
  4068 | D:4      | Found a hazy altar of Hepliaklqana.
  4070 | D:4      | Found a white marble altar of Elyvilon.
  4081 | D:4      | Reached skill level 5 in Dodging
  4487 | D:4      | Reached skill level 7 in Stealth
  4593 | D:5      | Entered Level 5 of the Dungeon
  4630 | D:5      | Noticed Eustachio
  4638 | D:5      | Killed Eustachio
  4666 | D:5      | Found a basalt altar of Yredelemnul.
  4680 | D:5      | Found a sacrificial altar of Ru.
  4816 | D:5      | Reached skill level 5 in Spellcasting
  4843 | D:5      | Noticed Laiders72's ghost (novice MiBe)
  5078 | D:5      | Noticed Menkaure
  5203 | D:5      | Reached XP level 8. HP: 36/36 MP: 1/16
  5504 | D:5      | Killed Laiders72's ghost
  5504 | D:5      | Reached skill level 8 in Stealth
  5595 | D:5      | Killed Menkaure
  5595 | D:5      | Reached skill level 5 in Short Blades
  5729 | D:5      | Noticed Dowan
  5731 | D:5      | Found a bloodstained altar of Trog.
  5732 | D:5      | Noticed Duvessa
  5762 | D:5      | Killed Dowan
  5897 | D:5      | Killed Duvessa
  5897 | D:5      | Reached skill level 9 in Stealth
  6236 | D:6      | Found a stormy altar of Qazlal.
  6290 | D:6      | Reached XP level 9. HP: 39/39 MP: 19/19
  6303 | D:6      | Learned a level 1 spell: Magic Dart
  6365 | D:6      | Found a staircase to the Ecumenical Temple.
  6539 | Temple   | Entered the Ecumenical Temple
  7086 | Temple   | Became a worshipper of Dithmenos the Shadowed
  7367 | D:6      | Reached skill level 1 in Conjurations
  7635 | D:6      | Noticed Prince Ribbit
  7649 | D:6      | Killed Prince Ribbit
  7796 | D:6      | Noticed Edmund
  7807 | D:6      | Killed Edmund
  7900 | D:6      | Reached skill level 1 in Evocations
  7968 | D:6      | Reached skill level 1 in Invocations
  7990 | D:6      | Reached * piety under Dithmenos
  8339 | D:7      | Reached skill level 10 in Stealth
  9236 | D:7      | Reached XP level 10. HP: 44/44 MP: 22/22
  9494 | D:8      | Noticed a skeletal warrior
  9522 | D:8      | Noticed a skeletal warrior
  9538 | D:8      | Noticed a skeletal warrior
  9759 | D:8      | Reached ** piety under Dithmenos
  9848 | D:8      | Found a radiant altar of Vehumet.
  9848 | D:8      | Found a burning altar of Makhleb.
 10523 | D:8      | Killed a skeletal warrior
 11008 | D:9      | Reached skill level 11 in Stealth
 11311 | D:9      | Noticed a two-headed ogre
 11411 | D:9      | Killed a two-headed ogre
 11411 | D:9      | Reached skill level 5 in Evocations
 11599 | D:9      | Found a staircase to the Orcish Mines.
 11654 | D:9      | Reached *** piety under Dithmenos
 12143 | D:10     | Entered Level 10 of the Dungeon
 12152 | D:10     | Reached XP level 11. HP: 47/47 MP: 24/24
 12159 | D:10     | Learned a level 3 spell: Dazzling Spray
 12162 | D:10     | Learned a level 2 spell: Blink
 12165 | D:10     | Learned a level 2 spell: Call Imp
 12377 | D:10     | Reached skill level 1 in Translocations
 12520 | D:10     | Reached skill level 1 in Summonings
 12916 | D:10     | Found a staircase to the Lair.
 13077 | Lair:1   | Entered Level 1 of the Lair of Beasts
 13121 | Lair:1   | Noticed a six-headed hydra
 13140 | Lair:1   | Killed a six-headed hydra
 13140 | Lair:1   | Reached skill level 5 in Translocations
 14063 | Lair:2   | Noticed Harold
 14072 | Lair:2   | Killed Harold
 14072 | Lair:2   | Reached skill level 12 in Stealth
 14562 | Lair:2   | Reached **** piety under Dithmenos
 14940 | Lair:3   | Noticed a catoblepas
 15007 | Lair:3   | Noticed TheNamelessOne's ghost (journeyman DsCK)
 15216 | Lair:3   | Reached skill level 10 in Dodging
 15301 | Lair:3   | Reached skill level 5 in Throwing
 15384 | Lair:3   | Reached XP level 12. HP: 51/51 MP: 26/26
 15445 | Lair:3   | Killed TheNamelessOne's ghost
 15564 | Lair:3   | Reached skill level 10 in Spellcasting
 15623 | Lair:3   | Reached skill level 13 in Stealth
 15676 | Lair:3   | Reached ***** piety under Dithmenos
 16583 | Lair:3   | Killed a catoblepas
 16963 | Lair:4   | Found a hole to the Spider Nest.
 16974 | Lair:4   | Found a staircase to the Swamp.
 17035 | Lair:4   | Reached skill level 1 in Fighting
 18202 | Lair:4   | Reached skill level 14 in Stealth
 18204 | Lair:4   | Reached skill level 10 in Short Blades
 18534 | Lair:5   | Reached skill level 10 in Hexes
 18664 | Lair:5   | Found a staircase to the Slime Pits.
 18976 | Lair:6   | Entered Level 6 of the Lair of Beasts
 19005 | Lair:5   | Reached XP level 13. HP: 58/58 MP: 21/28
 19433 | Lair:6   | Found a dark tunnel.
 19954 | Lair:6   | Reached skill level 15 in Stealth
 21446 | Lair:6   | Identified a scroll of acquirement
 21508 | Spider:1 | Entered Level 1 of the Spider Nest
 21509 | Spider:1 | Noticed an entropy weaver
 21523 | Spider:1 | Killed an entropy weaver
 21747 | Spider:1 | Reached skill level 16 in Stealth
 21805 | Spider:1 | Reached XP level 14. HP: 42/63 MP: 13/29
 22888 | Spider:1 | Reached ****** piety under Dithmenos
 24420 | Spider:2 | Noticed an emperor scorpion
 24464 | Spider:1 | Killed an emperor scorpion
 24579 | Spider:1 | Upgraded the game from 0.22-a0-480-g991dd4b to 0.22-a0-482-g76e0a5f
 24811 | Spider:2 | Learned a level 3 spell: Tukima's Dance
 25246 | Spider:2 | Reached skill level 17 in Stealth
 25269 | Spider:2 | Reached skill level 15 in Dodging
 25934 | Spider:3 | Noticed an emperor scorpion
 25942 | Spider:3 | Killed an emperor scorpion
 25946 | Spider:3 | Reached skill level 5 in Invocations
 26360 | Spider:3 | Blown up by an orb spider

Vault maps used:
D:1:      minmay_arrival_jagged
D:2:      minmay_diamond_boxcup, first_ration, lemuel_statue_altar,
          uniq_jessica, uniq_terence, uniq_natasha
D:3:      old_standard_altar, lemuel_angel_altar
D:4:      nicolae_overflow_hidden_temple, serial_shops, kennysheep_little_box,
          serial_glass, glass_columns_a, glass_columns_c, glass_columns_a,
          glass_columns_a, uniq_blork_the_orc
D:5:      bloody_trog, grunt_temple_overflow_open, feat_on_display,
          uniq_eustachio, uniq_menkaure, uniq_duvessa
D:6:      minmay_temple_entry_junction, nicolae_qazlal_general_emergency,
          uniq_prince_ribbit1, uniq_edmund
D:7:      the_bakery
D:8:      lemuel_ice_spiral_2, grunt_temple_overflow_lords_of_destruction
D:9:      minmay_cornered_nines, orc_0_dummy
D:10:     lair_entry_dummy
Temple:   minmay_temple_forest_path
Lair:1:   serial_bayou_shore_b
Lair:2:   lemuel_ratsnest, uniq_harold
Lair:3:   grunt_megastairs_5
Lair:4:   beast_lair_carwin_large_1, swamp_mist_pool, dummy_spider_entry,
          lab_entry_generic
Lair:5:   minmay_slime_entry_pillars
Lair:6:   hangedman_lair_tendril_chambers, nicolae_volcano_entry_vermiform
Spider:2: nicolae_spider_cling_halls
Spider:3: spider_trap

Skill      XL: |  1  2  3  4  5  6  7  8  9 10 11 12 13 14 |
---------------+-------------------------------------------+-----
Hexes          | 4 5 6 8 9 10 11 12 | 12.4
Stealth        | 5 6 7 9 10 11 12 14 16 17 | 17.9
Spellcasting   | 3 4 5 6 7 8 9 10 11 | 11.1
Short Blades   | 2 3 4 5 6 7 8 10 11 12 | 12.1
Ice Magic      | 1 |  1.4
Dodging        | 4 5 7 8 9 10 12 14 15 | 15.4
Throwing       | 1 2 3 5 |  5.8
Conjurations   | 2 |  2.0
Evocations     | 2 5 7 |  7.4
Invocations    | 2 4 5 |  5.4
Translocations | 6 |  6.1
Summonings     | 2 |  2.1
Fighting       | 2 |  2.0

Action                   |  1- 3 |  4- 6 |  7- 9 | 10-12 | 13-15 || total
-------------------------+-------+-------+-------+-------+-------++-------
Melee: Dagger            |    92 |    72 |   293 |   389 |   299 ||  1145
 Fire: Blowgun           |       |       |       |       |     1 ||     1
Throw: Tomahawk          |       |       |       |       |     2 ||     2
 Cast: Ensorcelled Hiber |     7 |    42 |    76 |   218 |   197 ||   540
       Corona            |     1 |       |       |     2 |       ||     3
       Confuse           |       |     3 |    54 |    55 |    57 ||   169
       Magic Dart        |       |       |       |     4 |     3 ||     7
       Dazzling Spray    |       |       |       |    15 |    68 ||    83
       Call Imp          |       |       |       |     2 |     4 ||     6
       Blink             |       |       |       |       |    11 ||    11
Invok: Shadow Step       |       |       |       |       |     1 ||     1
Evoke: Wand              |       |       |       |    19 |       ||    19
  Use: Scroll            |       |       |       |    18 |    11 ||    29
       Potion            |       |       |       |       |     3 ||     3
 Stab: Sleeping          |     9 |    31 |    55 |   157 |   132 ||   384
       Distracted        |       |     1 |     5 |       |     2 ||     8
       Confused          |       |     4 |    23 |    28 |    29 ||    84
       Invisible         |       |       |       |     5 |    20 ||    25
  Eat: Ration            |       |     1 |     5 |     3 |     5 ||    14
Armor: Robe              |     7 |     4 |    11 |     9 |     5 ||    36
Dodge: Dodged            |    75 |    63 |   139 |   228 |   489 ||   994
       Deflected         |       |     1 |     4 |       |     1 ||     6

Table legend:
 A = Spawn XP
 B = Non-spawn XP
 C = Spawn XP percentage of total XP
 D = Spawn monster count
 E = Non-spawn monster count
 F = Spawn count percentage of total count
 G = Total turns spent on level
                    A         B        C        D         E        F      G
               +---------+---------+-------+---------+---------+-------+---------
         Total |       0 |  100382 |   0.0 |       0 |     566 |   0.0 | 26360
               +---------+---------+-------+---------+---------+-------+---------
           D:1 |       0 |      34 |   0.0 |       0 |      18 |   0.0 |  1478
           D:2 |       0 |     219 |   0.0 |       0 |      24 |   0.0 |   941
           D:3 |       0 |     200 |   0.0 |       0 |      14 |   0.0 |  1300
           D:4 |       0 |     529 |   0.0 |       0 |      20 |   0.0 |   957
           D:5 |       0 |    1768 |   0.0 |       0 |      22 |   0.0 |  1610
           D:6 |       0 |    1824 |   0.0 |       0 |      40 |   0.0 |  1519
           D:7 |       0 |    1097 |   0.0 |       0 |      27 |   0.0 |  1068
           D:8 |       0 |    2346 |   0.0 |       0 |      20 |   0.0 |  1331
           D:9 |       0 |    2854 |   0.0 |       0 |      33 |   0.0 |  1343
          D:10 |       0 |    1278 |   0.0 |       0 |      18 |   0.0 |   934
        Lair:1 |       0 |    2697 |   0.0 |       0 |      13 |   0.0 |   784
        Lair:2 |       0 |    3315 |   0.0 |       0 |      45 |   0.0 |  1284
        Lair:3 |       0 |    9308 |   0.0 |       0 |      34 |   0.0 |  1560
        Lair:4 |       0 |    8243 |   0.0 |       0 |      30 |   0.0 |  2093
        Lair:5 |       0 |    5224 |   0.0 |       0 |      28 |   0.0 |  1248
        Lair:6 |       0 |   19324 |   0.0 |       0 |      58 |   0.0 |  1779
      Spider:1 |       0 |   18723 |   0.0 |       0 |      59 |   0.0 |  2883
      Spider:2 |       0 |   13546 |   0.0 |       0 |      45 |   0.0 |  1318
      Spider:3 |       0 |    7853 |   0.0 |       0 |      18 |   0.0 |   334
               +---------+---------+-------+---------+---------+-------+---------
